[Event "fics rated crazyhouse match"]
[Site "fics, Oklahoma City, OK USA"]
[Date "2000.12.25"]
[White "Fudpucker"]
[WhiteElo "2165"]
[Black "marcusm"]
[BlackElo "2348"]
[TimeControl "180+0"]
[Result "0-1"]

1. e4 Nf6 2. Nc3 d5 3. exd5 Nxd5 4. d4 Nxc3 5. bxc3 e6 6. Bd3 
Nc6 7. Nf3 P@b4 8. P@b2 bxc3 9. bxc3 N@d5 10. Bd2 P@b4 11. P@b2 bxc3 
12. bxc3 Be7 13. N@h5 Bf8 14. Rb1 P@g6 15. Nxg7+ Bxg7 16. P@h6 Bf6 17. P@g5 
Be7 18. O-O Rg8 19. Ne5 Nxe5 20. dxe5 Bxg5 21. c4 Bxd2 22. cxd5 Bg5 
23. N@e4 B@e7 24. dxe6 Bxe6 25. P@f6 Bgxf6 26. exf6 Bxf6 27. Nxf6+ Qxf6 28. N@e4 
Qe7 29. B@g5 P@f6 30. Nxf6+ Qxf6 31. Bxf6 N@d5 32. B@e5 P@e7 33. Bb5+ P@c6 
34. Bxe7 Nxe7 35. P@f6 Nf5 36. P@e7 B@d5 37. Bxc6+ bxc6 38. Q@f8+ Rxf8 39. exf8=Q+ 
Kxf8 40. P@g7+ Ke8 
{Fudpucker forfeits on time} 0-1

[Event "fics rated crazyhouse match"]
[Site "fics, Oklahoma City, OK USA"]
[Date "2000.12.25"]
[White "Tecumseh"]
[WhiteElo "2370"]
[Black "JiggaB"]
[BlackElo "2286"]
[TimeControl "60+0"]
[Result "0-1"]

1. e4 d5 2. exd5 e6 3. Bb5+ c6 4. dxc6 Nxc6 5. d4 Nf6 6. Bg5 
Bd7 7. Nf3 Be7 8. Nc3 P@b4 9. Ne2 Ne4 10. Bxe7 Qxe7 11. B@c5 Nxc5 
12. dxc5 B@a5 13. N@d6+ Kf8 14. Nxb7 b3+ 15. Nxa5 bxc2 16. Qxc2 Nxa5 17. P@h6 
gxh6 18. Bxd7 Qxd7 19. Rd1 P@d5 20. B@f6 P@g7 21. P@e7+ Kg8 22. B@a4 B@b5 
23. Bxb5 Qxb5 24. Bxg7 B@b4+ 25. B@c3 Bxc5 26. P@d4 Bxe7 27. Bxh8 Kxh8 28. P@e5 
P@g7 29. P@f6 gxf6 30. exf6 Bxf6 31. P@e5 Bg7 32. Nf4 P@e7 33. Nxe6 fxe6 
34. P@f7 P@e2 35. R@e8+ Rxe8 36. fxe8=Q+ Qxe8 37. Qxe2 N@f4 38. P@c7 Nxg2+ 39. Kd2 
B@g6 40. R@d3 Bxd3 41. Qxd3 B@f4+ 42. B@e3 Nc4+ 43. Kc1 Ngxe3 44. fxe3 R@a1+ 
45. Kc2 Bxe3 46. Rxa1 B@a4+ 47. N@b3 R@f2+ 48. R@e2 Bxb3+ 49. axb3 Rxe2+ 50. Qxe2 
N@a3+ 51. bxa3 N@b4+ 52. axb4 R@b2# 
{Tecumseh forfeits on time} 0-1

[Event "fics rated crazyhouse match"]
[Site "fics, Oklahoma City, OK USA"]
[Date "2000.12.25"]
[White "JiggaB"]
[WhiteElo "2296"]
[Black "Tecumseh"]
[BlackElo "2360"]
[TimeControl "60+0"]
[Result "1-0"]

1. e4 e6 2. Nc3 b6 3. d4 Bb7 4. Bd3 Nf6 5. Be3 Bb4 6. f3 
d5 7. e5 Nfd7 8. Nh3 Nc6 9. O-O Ndxe5 10. dxe5 Nxe5 11. a3 Bxc3 
12. bxc3 Nxd3 13. cxd3 B@f5 14. B@g5 P@f6 15. Bgf4 Bxh3 16. gxh3 N@h4 17. B@g3 
N@f5 18. Bxc7 Qd7 19. N@h5 Rg8 20. P@g4 P@g2 21. gxf5 gxf1=Q+ 22. Qxf1 Nxf5 
23. Bcf4 Rc8 24. N@d6+ Nxd6 25. Bxd6 P@e7 26. N@g4 exd6 27. Ngxf6+ gxf6 28. Nxf6+ 
Kd8 29. Nxd7 Kxd7 30. N@f6+ Ke7 31. P@e5 dxe5 32. Nxg8+ Rxg8 33. P@f6+ Kxf6 
34. P@g5+ Ke7 35. Q@c7+ R@d7 36. Qxd7+ Kxd7 37. Bxe5 P@d6 38. Bxd6 Kxd6 39. d4 
Kd7 40. P@e5 B@c7 41. P@d6 Bd8 42. R@c7+ Bxc7 43. R@e7+ Kd8 44. Rxc7 R@d7 
45. B@e7+ Ke8 46. Rxd7 Kxd7 47. R@c7+ Ke8 48. Rxb7 B@d7 49. Rb8+ R@c8 50. Rxc8+ 
N@d8 51. Rxd8# 
{Tecumseh checkmated} 1-0

[Event "fics rated crazyhouse match"]
[Site "fics, Oklahoma City, OK USA"]
[Date "2000.12.25"]
[White "marcusm"]
[WhiteElo "2352"]
[Black "Fudpucker"]
[BlackElo "2161"]
[TimeControl "180+0"]
[Result "1-0"]

1. e4 e6 2. d4 Nc6 3. Nf3 Nf6 4. e5 Nd5 5. Bd3 Be7 6. Nc3 
O-O 7. O-O d6 8. Ne4 f6 9. exf6 Nxf6 10. c3 Nxe4 11. Bxe4 P@f5 
12. Bc2 N@g4 13. h3 Nxf2 14. Rxf2 f4 15. N@h5 P@e3 16. Rf1 Bh4 17. Qd3 
Bf2+ 18. Kh1 Rf5 19. Nxf4 Qf8 20. P@g4 Rxf4 21. Qxh7+ Kf7 22. Bxe3 N@g3+ 
23. Kh2 Nxf1+ 24. Rxf1 Bxe3 25. P@b5 Ke7 26. N@g6+ Ke8 27. Nxf8 Rxf8 28. Bg6+ 
Kd7 29. bxc6+ bxc6 30. N@e5+ dxe5 31. Nxe5+ Kd8 32. Nxc6+ Kd7 33. Ne5+ Ke7 
34. N@c6+ Kd6 35. Q@c5# 
{Fudpucker checkmated} 1-0

[Event "fics rated crazyhouse match"]
[Site "fics, Oklahoma City, OK USA"]
[Date "2000.12.25"]
[White "Tecumseh"]
[WhiteElo "2351"]
[Black "JiggaB"]
[BlackElo "2305"]
[TimeControl "60+0"]
[Result "1-0"]

1. c3 e6 2. b3 Nc6 3. Bb2 Nf6 4. a3 d5 5. h3 Be7 6. g3 
O-O 7. Bg2 Ne4 8. Nf3 f5 9. O-O b6 10. d3 Bb7 11. Nbd2 Nxd2 
12. Qxd2 N@g5 13. Nxg5 Bxg5 14. f4 Be7 15. N@h5 N@f6 16. Nxf6+ Bxf6 17. N@h5 
N@b5 18. Nxf6+ Qxf6 19. c4 Nbd4 20. e3 N@e2+ 21. Kh1 dxc4 22. Qxe2 Nxe2 
23. Bxf6 Rxf6 24. B@h4 B@e7 25. Bf3 cxd3 26. Q@g2 P@g4 27. hxg4 fxg4 28. Bxg4 
Ncd4 29. P@f3 P@f5 30. Bh5 P@g6 31. Bxf6 Bxf6 32. P@d7 Q@d8 33. R@e8+ Qxe8 
34. dxe8=Q+ Rxe8 35. Q@d7 R@e7 36. Qxe8+ Rxe8 37. R@d7 gxh5 38. N@e5 Bxe5 39. fxe5 
B@g6 40. B@f7+ Bxf7 41. Rxf7 B@g4 42. Rf6 gxf6 43. exf6 B@h3 44. N@h6+ Kf8 
45. P@g7# 
{JiggaB checkmated} 1-0

[Event "fics rated crazyhouse match"]
[Site "fics, Oklahoma City, OK USA"]
[Date "2000.12.25"]
[White "JiggaB"]
[WhiteElo "2298"]
[Black "Tecumseh"]
[BlackElo "2358"]
[TimeControl "60+0"]
[Result "1-0"]

1. e4 b6 2. Nc3 Bb7 3. Nf3 e6 4. d4 Nf6 5. Bd3 Bb4 6. Bg5 
h6 7. Bh4 d6 8. e5 dxe5 9. dxe5 P@d4 10. exf6 gxf6 11. N@g7+ Kf8 
12. Nh5 Rg8 13. Bxf6 P@e7 14. P@g7+ Ke8 15. P@h7 Kd7 16. hxg8=Q Qxg8 17. R@f8 
dxc3 18. Bb5# 
{Tecumseh checkmated} 1-0

[Event "fics rated crazyhouse match"]
[Site "fics, Oklahoma City, OK USA"]
[Date "2000.12.25"]
[White "Tecumseh"]
[WhiteElo "2349"]
[Black "JiggaB"]
[BlackElo "2307"]
[TimeControl "60+0"]
[Result "0-1"]

1. b3 d5 2. Bb2 Nc6 3. e3 Bf5 4. Nf3 Nf6 5. Bb5 e6 6. Ne5 
Qd6 7. Nxc6 bxc6 8. Ba6 N@e4 9. O-O Be7 10. d3 Nxf2 11. Rxf2 Ng4 
12. Rf1 Qxh2# 
{Tecumseh checkmated} 0-1

[Event "fics rated crazyhouse match"]
[Site "fics, Oklahoma City, OK USA"]
[Date "2000.12.25"]
[White "Fudpucker"]
[WhiteElo "2157"]
[Black "marcusm"]
[BlackElo "2356"]
[TimeControl "180+0"]
[Result "0-1"]

1. e4 Nf6 2. Nc3 d5 3. exd5 Nxd5 4. d4 e6 5. Nxd5 exd5 6. Nf3 
Bb4+ 7. P@c3 Qe7+ 8. Be2 Bd6 9. N@f4 Be6 10. Nxe6 fxe6 11. B@h4 P@f6 
12. O-O N@f5 13. Bg3 N@e4 14. Bcf4 O-O 15. Bxd6 cxd6 16. B@d3 Nc6 17. Nd2 
Nexg3 18. hxg3 B@g6 19. Nf3 Rae8 20. N@h4 Nxh4 21. Nxh4 B@e4 22. N@f4 Qf7 
23. Nfxg6 hxg6 24. Bxe4 dxe4 25. Nxg6 Qxg6 26. B@h5 Qh6 27. P@g6 Re7 28. d5 
Ne5 29. dxe6 N@f3+ 30. Bexf3 Nxf3+ 31. Bxf3 B@h2+ 32. Kh1 exf3 33. B@f7+ Kh8 
34. Qxf3 Bxg3+ 35. P@h3 N@e5 36. Qxg3 B@f4 37. Qxf4 Qxf4 38. B@g3 Qh6 39. Bxe5 
dxe5 40. N@g4 B@f4 41. P@g3 P@f3 42. gxf3 Qxh3+ 43. B@h2 Q@g2# 
{Fudpucker checkmated} 0-1

[Event "fics rated crazyhouse match"]
[Site "fics, Oklahoma City, OK USA"]
[Date "2000.12.25"]
[White "JiggaB"]
[WhiteElo "2316"]
[Black "Tecumseh"]
[BlackElo "2340"]
[TimeControl "60+0"]
[Result "1-0"]

1. e4 e6 2. Nc3 b6 3. d4 Bb7 4. Bd3 Nf6 5. Be3 Bb4 6. f3 
d5 7. e5 Nh5 8. Nh3 Qh4+ 9. Kf1 Bxc3 10. bxc3 N@g3+ 11. hxg3 Nxg3+ 
12. Ke1 Nxh1+ 13. Kd2 P@b2 14. Rb1 Ng3 15. B@f2 R@a1 16. N@h1 Rxb1 17. Qxb1 
R@c1 18. Qxc1 bxc1=Q+ 19. Kxc1 Nxh1 20. Bxh4 Q@a1+ 21. R@b1 Qxb1+ 22. Kxb1 Nc6 
23. P@d7+ Kxd7 24. Bb5 R@d1+ 25. R@c1 P@e7 26. Bxc6+ Bxc6 27. Rxd1 N@a3+ 28. Kc1 
Nc4 29. Beg5 B@b2+ 30. Kb1 Rae8 31. Bxe7 Rxe7 32. Bxe7 Re8 33. Bb4 Bxc3 
34. Bxc3 Na3+ 35. Kb2 B@a5 36. Bxa5 bxa5 37. Kxa3 B@b4+ 38. Kb2 P@c3+ 39. Kb1 
Rb8 40. B@b3 Ba3 41. B@h4 Bb4 42. P@c5 a4 43. Q@e7+ Kc8 44. Q@a6+ Rb7 
45. R@d8# 
{Tecumseh checkmated} 1-0

[Event "fics rated crazyhouse match"]
[Site "fics, Oklahoma City, OK USA"]
[Date "2000.12.25"]
[White "GusMcClain"]
[WhiteElo "2312"]
[Black "Thufir"]
[BlackElo "2335"]
[TimeControl "60+0"]
[Result "0-1"]

1. e4 e6 2. Nc3 Nc6 3. d4 Bb4 4. Nf3 Nf6 5. Bd3 d5 6. e5 
Ne4 7. O-O Bxc3 8. bxc3 Nxc3 9. Qd2 N@e4 10. Bxe4 Nxe4 11. Qf4 P@f5 
12. N@h5 Rg8 13. B@h4 B@e7 14. Bxe7 Qxe7 15. B@h4 f6 16. exf6 gxf6 17. P@g3 
B@f7 18. Nxf6+ Nxf6 19. Bxf6 Qxf6 20. P@e5 Qd8 21. N@f6+ Qxf6 22. exf6 N@e2+ 
23. Kh1 Nxf4 24. Bxf4 P@h3 25. gxh3 B@e4 26. P@g2 Bxf3 27. gxf3 N@e2 28. B@g2 
Nxf4 29. gxf4 Rxg2 30. N@g3 Rxg3 31. fxg3 B@f8 32. R@h8 B@g8 33. N@g7+ Bxg7 
34. fxg7 N@g6 35. Q@f8+ Nxf8 36. gxf8=Q+ Kxf8 37. B@h6+ P@g7 38. Rxg8+ Kxg8 39. Bxg7 
Kxg7 40. P@f6+ Kxf6 41. B@e5+ Nxe5 42. dxe5+ Ke7 43. N@g5 P@g2+ 44. Kxg2 N@e3+ 
45. Kf2 Q@d2+ 46. P@e2 Q@g2# 
{GusMcClain checkmated} 0-1

[Event "fics rated crazyhouse match"]
[Site "fics, Oklahoma City, OK USA"]
[Date "2000.12.25"]
[White "Thufir"]
[WhiteElo "2342"]
[Black "GusMcClain"]
[BlackElo "2305"]
[TimeControl "60+0"]
[Result "0-1"]

1. e4 e6 2. d4 Nf6 3. Nf3 Nxe4 4. Bd3 Nf6 5. O-O Be7 6. Ne5 
d6 7. Nc4 Nc6 8. c3 e5 9. dxe5 dxe5 10. P@b5 P@h3 11. bxc6 hxg2 
12. cxb7 gxf1=Q+ 13. Qxf1 Bxb7 14. P@g2 P@h3 15. f3 hxg2 16. Qxg2 R@e1+ 17. N@f1 
P@h3 18. Qxg7 Rg8 19. P@d7+ Qxd7 20. Qxg8+ Nxg8 21. R@g3 P@g2 22. Rxg2 hxg2 
23. Kxg2 Rxf1 24. Bxf1 N@h4+ 25. Kf2 Nxf3 26. Bd2 Q@g1+ 27. Ke2 R@e4+ 28. P@e3 
Rxc4 29. P@d3 Nd4+ 30. cxd4 P@f3+ 31. Ke1 N@g2+ 32. Kd1 Qxf1+ 33. Be1 Qe2# 
{Thufir checkmated} 0-1

[Event "fics rated crazyhouse match"]
[Site "fics, Oklahoma City, OK USA"]
[Date "2000.12.25"]
[White "GusMcClain"]
[WhiteElo "2314"]
[Black "Thufir"]
[BlackElo "2333"]
[TimeControl "60+0"]
[Result "0-1"]

1. e4 e6 2. d4 Nc6 3. Nc3 Nf6 4. Nf3 Bb4 5. Bd3 d5 6. e5 
Ne4 7. O-O Bxc3 8. bxc3 Nxc3 9. Qd2 N@e4 10. Bxe4 Nxe4 11. Qf4 B@f5 
12. N@h5 Rg8 13. B@g5 Nxg5 14. Nxg5 B@e7 15. Nxh7 Bxh7 16. P@f6 gxf6 17. N@g7+ 
Kf8 18. Qh6 Nxd4 19. Nxe6+ Ke8 20. Nxd4 N@h3+ 21. Kh1 P@f3 22. N@g7+ Kd7 
23. gxf3 Bg6 24. P@g2 Bxh5 25. exf6 Bxf6 26. P@e6+ fxe6 27. Ndxe6 P@e2 28. Be3 
exf1=Q+ 29. Rxf1 Qe7 30. Nc5+ Kd8 31. Nge6+ Bxe6 32. Nxe6+ Qxe6 33. B@g3 P@e2 
34. Re1 R@f1+ 35. Rxf1 exf1=Q+ 36. R@g1 Qxg1# 
{GusMcClain checkmated} 0-1

[Event "fics rated crazyhouse match"]
[Site "fics, Oklahoma City, OK USA"]
[Date "2000.12.25"]
[White "Thufir"]
[WhiteElo "2341"]
[Black "GusMcClain"]
[BlackElo "2306"]
[TimeControl "60+0"]
[Result "0-1"]

1. e4 e6 2. d4 Nf6 3. e5 Nd5 4. Nf3 d6 5. Be2 Nc6 6. O-O 
dxe5 7. Nxe5 P@f6 8. Nxc6 bxc6 9. c4 Ne7 10. Nc3 Nf5 11. Be3 Nxe3 
12. fxe3 N@f5 13. P@f2 B@a5 14. N@f3 Bxc3 15. bxc3 N@e4 16. Qc2 Ng5 17. Nxg5 
fxg5 18. B@e5 f6 19. Bg3 N@h4 20. e4 Nxg2 21. exf5 exf5 22. Kxg2 g4 
23. f3 P@h3+ 24. Kf2 P@g2 25. Rfe1 gxf3 26. Bxf3+ Be7 27. P@e6 O-O 28. Qxf5 
P@g6 29. Qxh3 Bxe6 30. Qxe6+ P@f7 31. Qh3 g5 32. B@f5 g6 33. Bd3 f5 
34. P@h6 f6 35. P@g7 Rf7 36. N@e6 Qd7 37. d5 c5 38. Nxc5 Bxc5+ 39. P@d4 
N@g4+ 40. Kxg2 f4 41. P@e6 Rxg7 42. hxg7 Qxg7 43. N@f7 Kf8 44. N@h6 P@a6 
45. Bxg4 P@f3+ 46. Bxf3 fxg3 47. N@d7+ Ke7 48. Nxc5 gxh2 49. N@f5+ gxf5 50. Nxf5+ 
Kf8 
{Thufir forfeits on time} 0-1

[Event "fics rated crazyhouse match"]
[Site "fics, Oklahoma City, OK USA"]
[Date "2000.12.25"]
[White "GusMcClain"]
[WhiteElo "2315"]
[Black "Thufir"]
[BlackElo "2332"]
[TimeControl "60+0"]
[Result "1-0"]

1. e4 e6 2. Nc3 Nc6 3. d4 Nf6 4. Nf3 Bb4 5. Bd3 d5 6. e5 
Ne4 7. O-O Bxc3 8. bxc3 Nxc3 9. Qd2 N@e4 10. Bxe4 Nxe4 11. Qf4 B@f5 
12. B@h4 P@e7 13. N@h5 Rg8 14. Ng5 Nxg5 15. Qxg5 N@g6 16. Ba3 Nxd4 17. Bxe7 
Nxe7 18. Qxe7+ Qxe7 19. Bxe7 Kxe7 20. P@f6+ Kd7 21. Q@e7+ Kc6 22. N@b4+ Kb5 
23. a3 a5 24. N@c3+ Kb6 25. Nbxd5+ exd5 26. Nxd5+ Ka6 27. Nxc7+ Ka7 28. P@b6+ 
Kxb6 29. P@c5+ Ka7 30. P@b6+ Kb8 31. Nf4 N@h3+ 32. Nxh3 Bxh3 33. N@a6+ Rxa6 
34. Nxa6+ bxa6 35. Qc7+ Ka8 36. R@b8# 
{Thufir checkmated} 1-0

[Event "fics rated crazyhouse match"]
[Site "fics, Oklahoma City, OK USA"]
[Date "2000.12.25"]
[White "JiggaB"]
[WhiteElo "2325"]
[Black "pminear"]
[BlackElo "2576"]
[TimeControl "60+0"]
[Result "0-1"]

1. d4 e6 2. Nf3 Nf6 3. Nc3 d5 4. Bg5 Bb4 5. Bxf6 Qxf6 6. N@e5 
B@a5 7. Qd2 Bxc3 8. bxc3 N@e4 9. B@h4 Nxd2 10. Bxf6 Nxf3+ 11. Nxf3 Bxc3+ 
12. N@d2 gxf6 13. Q@g7 Rf8 14. Qxf6 B@e7 15. Qg7 Bxa1 16. e3 R@c1+ 17. Ke2 
Q@d1# 
{JiggaB resigns} 0-1

[Event "fics rated crazyhouse match"]
[Site "fics, Oklahoma City, OK USA"]
[Date "2000.12.25"]
[White "pminear"]
[WhiteElo "2579"]
[Black "JiggaB"]
[BlackElo "2322"]
[TimeControl "60+0"]
[Result "1-0"]

1. e4 d5 2. exd5 e6 3. Bb5+ c6 4. dxc6 Nxc6 5. d4 Nf6 6. Nc3 
Bd7 7. P@e5 Nd5 8. Nxd5 exd5 9. P@h6 Rg8 10. hxg7 Bxg7 11. N@d6+ Kf8 
12. P@f6 Bh8 13. Nxb7 Qb6 14. Bxc6 Bxc6 15. P@e7+ Ke8 16. Nd6+ Kd7 17. N@c5+ 
Kc7 18. Nxf7 B@b4+ 19. Bd2 Bxc5 20. dxc5 Qxc5 21. B@d6+ Kb7 22. Bxc5 P@c7 
23. a4 a6 24. Nxh8 N@h4 25. B@f1 N@e4 26. P@b5 axb5 27. axb5 Nxg2+ 28. Bxg2 
Bxb5 29. Rxa8 Rxa8 30. N@d8+ Rxd8 31. exd8=N+ Kc8 32. R@b8+ Kd7 33. Q@e6# 
{JiggaB checkmated} 1-0

[Event "fics rated crazyhouse match"]
[Site "fics, Oklahoma City, OK USA"]
[Date "2000.12.25"]
[White "JiggaB"]
[WhiteElo "2319"]
[Black "pminear"]
[BlackElo "2582"]
[TimeControl "60+0"]
[Result "0-1"]

1. e4 e5 2. Nc3 Nc6 3. Nf3 Bc5 4. Bc4 Nf6 5. O-O O-O 6. d3 
d6 7. Be3 Be6 8. Bxc5 dxc5 9. B@b3 B@g4 10. Bxe6 fxe6 11. B@c4 B@f7 
12. h3 Bxf3 13. Qxf3 Nd4 14. Qg3 N@e2+ 15. Nxe2 Nxe2+ 16. Kh1 Nxg3+ 17. fxg3 
N@e3 18. Bxe6 Nxf1 19. Bxf7+ Kh8 20. Rxf1 Q@e2 21. Rg1 Rxf7 22. Bxf7 B@f2 
23. P@h6 Qf8 24. hxg7+ Qxg7 25. N@f5 Bxg3 26. P@h2 P@f2 27. R@a1 fxg1=Q+ 28. Rxg1 
P@f2 29. B@e3 fxg1=Q+ 30. Bxg1 R@f1 31. B@e3 R@e1 32. N@f3 Qxf3 33. gxf3 Rxg1+ 
34. Bxg1 B@g2+ 35. Kxg2 N@f4+ 36. Kh1 Rxg1+ 37. Kxg1 B@f2+ 38. Kf1 R@e1# 
{JiggaB checkmated} 0-1

[Event "fics rated crazyhouse match"]
[Site "fics, Oklahoma City, OK USA"]
[Date "2000.12.25"]
[White "Thufir"]
[WhiteElo "2269"]
[Black "JiggaB"]
[BlackElo "2316"]
[TimeControl "60+0"]
[Result "1-0"]

1. e4 e6 2. d4 Nc6 3. Nc3 Nf6 4. Nf3 d5 5. exd5 exd5 6. Bb5 
Bd7 7. P@e5 Ne4 8. Nxd5 Be6 9. Bxc6+ bxc6 10. Nf4 B@a5+ 11. P@c3 P@g6 
12. Nxe6 fxe6 13. B@d3 Nxf2 14. Kxf2 Be7 15. Rf1 O-O 16. Kg1 P@g4 17. Nd2 
Rxf1+ 18. Qxf1 N@e3 19. Qe2 Nf5 20. Bxf5 exf5 21. Nc4 B@d5 22. Nxa5 Bg5 
23. Bxg5 Qxg5 24. B@e3 Qe7 25. B@g5 Qd7 26. N@e7+ Qxe7 27. Bxe7 N@h3+ 28. Kh1 
B@f3 29. gxf3 gxf3 30. N@h6+ Kh8 31. R@g8+ Rxg8 32. N@f7+ Bxf7 33. Nxf7# 
{JiggaB checkmated} 1-0

[Event "fics rated crazyhouse match"]
[Site "fics, Oklahoma City, OK USA"]
[Date "2000.12.25"]
[White "JiggaB"]
[WhiteElo "2307"]
[Black "Thufir"]
[BlackElo "2278"]
[TimeControl "60+0"]
[Result "1-0"]

1. e4 e6 2. Nc3 Nc6 3. Nf3 Bb4 4. Bb5 Nf6 5. e5 Ng4 6. d4 
d6 7. Bxc6+ bxc6 8. N@h5 Rg8 9. exd6 cxd6 10. P@e5 dxe5 11. Nxe5 Nxe5 
12. dxe5 B@e7 13. P@d6 Bh4 14. N@c7+ Kd7 15. Nxa8 Ba6 16. R@c7+ Qxc7 17. dxc7+ 
R@d5 18. Qxd5+ exd5 19. Q@g4+ N@e6 20. R@d8+ Rxd8 21. cxd8=Q+ Kxd8 22. R@b8+ R@c8 
23. Rxc8+ Kxc8 24. R@h8+ Kb7 25. Bd2 Bxc3 26. bxc3 N@d8 27. Rb1+ P@b5 28. Rxd8 
Nxd8 29. N@c5+ Kxa8 30. Nxa6 R@b7 31. Qc8+ R@b8 32. Nxb8 Rxb8 33. Qxb8+ Kxb8 
34. B@d6+ P@c7 35. Bxc7+ Kxc7 36. P@d6+ Kd7 37. R@c7+ Ke8 38. Nxg7+ Kf8 39. B@h6 
P@e3 40. R@e8# 
{Thufir checkmated} 1-0

[Event "fics rated crazyhouse match"]
[Site "fics, Oklahoma City, OK USA"]
[Date "2000.12.25"]
[White "JiggaB"]
[WhiteElo "2313"]
[Black "Thufir"]
[BlackElo "2271"]
[TimeControl "60+0"]
[Result "0-1"]

1. e4 e6 2. Nc3 Nc6 3. d4 Bb4 4. Nf3 Nf6 5. Bd3 d5 6. e5 
Ne4 7. Bd2 Nxd2 8. Qxd2 B@e4 9. Ng5 Nxd4 10. Nxf7 Bxc3 11. bxc3 Kxf7 
12. N@g5+ Qxg5 13. Qxg5 N@f3+ 14. gxf3 Nxf3+ 15. Kd1 Nxg5 16. B@h5+ P@g6 17. Bxe4 
dxe4 18. P@f6 N@b2+ 19. Kc1 P@d2+ 20. Kb1 N@a3+ 21. Kxb2 Nc4+ 22. Kb3 Q@b5+ 
23. B@b4 B@a4# 
{JiggaB checkmated} 0-1

[Event "fics rated crazyhouse match"]
[Site "fics, Oklahoma City, OK USA"]
[Date "2000.12.25"]
[White "JiggaB"]
[WhiteElo "2295"]
[Black "Thufir"]
[BlackElo "2289"]
[TimeControl "60+0"]
[Result "0-1"]

1. d4 e6 2. Nf3 Nc6 3. Nc3 Nf6 4. Bg5 Bb4 5. e4 h6 6. Bxf6 
Qxf6 7. e5 Qg6 8. N@f4 Qe4+ 9. Ne2 B@g4 10. Qd2 Bxc3 11. bxc3 Bxf3 
12. gxf3 Qxf3 13. B@g2 Qf5 14. B@e4 Qg5 15. Qxg5 hxg5 16. Bxc6 bxc6 17. Q@d2 
B@f4 18. Nxf4 gxf4 19. B@g5 P@e3 20. fxe3 fxe3 21. Bxe3 N@f5 22. P@f6 Nxe3 
23. Qxe3 N@f5 24. Qd2 P@e3 25. Qd3 B@d2+ 26. Ke2 N@f4+ 27. Kf3 Nxd3 28. cxd3 
Q@f2+ 29. Ke4 Q@d5# 
{JiggaB checkmated} 0-1

[Event "fics rated crazyhouse match"]
[Site "fics, Oklahoma City, OK USA"]
[Date "2000.12.25"]
[White "pminear"]
[WhiteElo "2585"]
[Black "Gnejs"]
[BlackElo "2483"]
[TimeControl "120+0"]
[Result "0-1"]

1. e4 e6 2. Nc3 b6 3. d4 Bb7 4. Bd3 Nf6 5. Bg5 Be7 6. Nf3 
Nc6 7. e5 Ng4 8. Bxe7 Qxe7 9. B@h4 f6 10. exf6 gxf6 11. Ne4 Nb4 
12. Nxf6+ Nxf6 13. Bxf6 Qxf6 14. P@e5 Nxd3+ 15. cxd3 B@a5+ 16. P@c3 Qg6 17. N@f6+ 
Kd8 18. N@f4 Qf5 19. Nxe6+ Qxe6 20. P@g7 Qxf6 21. exf6 Re8+ 22. Ne5 B@e6 
23. Q@g5 N@f7 24. Nxf7+ Bxf7+ 25. N@e5 B@g6 26. Qe2 N@e6 27. Nxf7+ Bxf7 28. B@e7+ 
Kc8 29. Qh4 N@f5 30. Qxh7 Bxg2 31. g8=Q N@f3+ 32. Qxf3 Bxf3 33. Qxe8+ Bxe8 
34. P@e2 N@g2+ 35. Kd2 Bxc3+ 36. bxc3 Q@b2+ 37. R@c2 P@e3+ 38. fxe3 Qxc2+ 39. Kxc2 
P@b3+ 40. Kxb3 Ngxe3 41. Kb2 P@a3+ 42. Kb3 R@c2 
{pminear forfeits on time} 0-1

[Event "fics rated crazyhouse match"]
[Site "fics, Oklahoma City, OK USA"]
[Date "2000.12.25"]
[White "Gnejs"]
[WhiteElo "2493"]
[Black "pminear"]
[BlackElo "2575"]
[TimeControl "120+0"]
[Result "0-1"]

1. Nf3 d5 2. Nc3 d4 3. Ne4 Nf6 4. Ng3 Nc6 5. e3 e5 6. exd4 
exd4 7. Qe2+ Qe7 8. Qxe7+ Bxe7 9. Bb5 Bd7 10. P@a6 bxa6 11. Q@b7 Q@e6+ 
12. Kd1 Rb8 13. Bxc6 Rxb7 14. Bxb7 P@e2+ 15. Nxe2 Qxe2+ 16. Kxe2 N@f4# 
{Gnejs resigns} 0-1

[Event "fics rated crazyhouse match"]
[Site "fics, Oklahoma City, OK USA"]
[Date "2000.12.25"]
[White "pminear"]
[WhiteElo "2581"]
[Black "Gnejs"]
[BlackElo "2487"]
[TimeControl "120+0"]
[Result "1-0"]

1. e4 e6 2. Nc3 b6 3. d4 Bb7 4. Bd3 Nc6 5. Nf3 Nb4 6. Bg5 
Be7 7. Bxe7 Qxe7 8. B@h4 f6 9. h3 B@a5 10. O-O Nxd3 11. cxd3 Bxc3 
12. bxc3 N@f4 13. B@g3 g5 14. Bxf4 gxf4 15. N@b5 d6 16. N@h5 B@h6 17. Nxf6+ 
Nxf6 18. Bxf6 Qxf6 19. Nxc7+ Kd7 20. Nxa8 Rxa8 21. P@e5 Qg6 22. N@f6+ Kc8 
23. R@g8+ Qxg8 24. P@d7+ Kc7 25. exd6+ Kxd6 26. e5+ Kc7 27. P@d6+ Kc6 28. d5+ 
exd5 29. Nd4+ Kc5 30. Nxg8 P@h2+ 31. Kh1 N@g3+ 32. fxg3 R@g1+ 33. Kxh2 fxg3+ 
34. Kxg1 Be3+ 35. Kh1 
{Gnejs resigns} 1-0

[Event "fics rated crazyhouse match"]
[Site "fics, Oklahoma City, OK USA"]
[Date "2000.12.25"]
[White "Gnejs"]
[WhiteElo "2481"]
[Black "pminear"]
[BlackElo "2587"]
[TimeControl "120+0"]
[Result "0-1"]

1. d4 Nf6 2. Nf3 d5 3. Bg5 Ne4 4. Bh4 Bf5 5. e3 f6 6. Be2 
e6 7. O-O Be7 8. Bg3 O-O 9. Nbd2 Nxd2 10. Nxd2 N@e4 11. Nxe4 dxe4 
12. f3 N@d5 13. Qd2 exf3 14. Bxf3 Nc6 15. P@e4 Bg6 16. N@h4 Nxe3 17. Qxe3 
Qxd4 18. Qxd4 Nxd4 19. Nxg6 hxg6 20. B@e3 Nxf3+ 21. Rxf3 B@h5 22. Rf2 P@f3 
23. N@h6+ gxh6 24. Bxh6 Rf7 25. P@g7 Kh7 26. N@f8+ Raxf8 27. gxf8=Q Bxf8 28. Bxf8 
Rxf8 29. R@e7+ P@g7 30. Rxg7+ Kxg7 31. B@e7 N@h3+ 32. gxh3 R@h1+ 33. Kxh1 P@g2+ 
34. Rxg2 fxg2+ 35. Kg1 B@e3+ 36. Kxg2 Q@f3# 
{Gnejs checkmated} 0-1

[Event "fics rated crazyhouse match"]
[Site "fics, Oklahoma City, OK USA"]
[Date "2000.12.25"]
[White "pminear"]
[WhiteElo "2593"]
[Black "Gnejs"]
[BlackElo "2475"]
[TimeControl "120+0"]
[Result "1-0"]

1. e4 e6 2. Nc3 b6 3. d4 Bb7 4. Bd3 Nf6 5. Bg5 Be7 6. Nf3 
Nc6 7. e5 Ng4 8. Bxe7 Qxe7 9. B@h4 f6 10. exf6 gxf6 11. P@e5 P@g7 
12. Ne4 O-O-O 13. exf6 gxf6 14. P@a6 Ba8 15. Nxf6 Nxf6 16. P@b7+ Bxb7 17. axb7+ 
Kxb7 18. B@a6+ Kb8 19. Bxf6 Qxf6 20. N@e5 N@f4 21. Bf1 P@h3 22. Nxc6+ dxc6 
23. Ne5 B@a5+ 24. c3 N@c5 25. Nxc6+ Ka8 26. P@b7+ Nxb7 27. Bxb7+ Kxb7 28. Nxa5+ 
bxa5 29. Qf3+ B@d5 30. Qxd5+ exd5 31. N@c5+ Kc6 32. B@a4+ Kd6 33. B@e5+ Ke7 
34. Bxf6+ Kxf6 35. N@g4+ Kg6 36. Q@f6+ Kh5 37. Qh6+ Kxg4 38. f3+ Kf5 39. g4# 
{Gnejs checkmated} 1-0

[Event "fics rated crazyhouse match"]
[Site "fics, Oklahoma City, OK USA"]
[Date "2000.12.25"]
[White "Gnejs"]
[WhiteElo "2470"]
[Black "pminear"]
[BlackElo "2598"]
[TimeControl "120+0"]
[Result "1-0"]

1. d4 Nf6 2. Bf4 e6 3. e3 Be7 4. Nd2 Nd5 5. Bg3 d6 6. c3 
Nc6 7. Bd3 f5 8. Qe2 Bd7 9. f4 O-O 10. Ngf3 Be8 11. O-O Bh5 
12. Qf2 Nf6 13. Rae1 Ng4 14. Qe2 Qe8 15. e4 fxe4 16. Bxe4 d5 17. Bxh7+ 
Kxh7 18. Qxe6 B@g8 19. Qe2 P@e3 20. Nb3 Nxh2 21. Bxh2 P@f2+ 22. Rxf2 exf2+ 
23. Qxf2 Bxf3 24. Qxf3 R@h6 25. B@c2+ g6 26. P@h5 N@f5 27. P@g5 Nh4 28. gxh6 
Nxf3+ 29. gxf3 Bf6 30. Bxg6+ Kxh6 31. N@f5# 
{pminear checkmated} 1-0

[Event "fics rated crazyhouse match"]
[Site "fics, Oklahoma City, OK USA"]
[Date "2000.12.25"]
[White "pminear"]
[WhiteElo "2587"]
[Black "Gnejs"]
[BlackElo "2481"]
[TimeControl "120+0"]
[Result "1-0"]

1. e4 Nf6 2. e5 Nd5 3. d4 Nc6 4. Nf3 e6 5. Be2 d6 6. O-O 
Be7 7. exd6 cxd6 8. c4 Nf6 9. Nc3 O-O 10. d5 Ne5 11. Nxe5 dxe5 
12. P@h6 gxh6 13. Bxh6 exd5 14. Nxd5 P@h3 15. Nxf6+ Bxf6 16. Qxd8 Rxd8 17. N@e7# 
{Gnejs resigns} 1-0